 Dungeon Crawl Stone Soup version 0.26.1-11-gd32895ea62 (webtiles) character file.

Game seed: 6150335047389119617

827 jlumianski the Grasshopper (level 7, -1/56 HPs)
             Began as a Gnoll Warper on Apr 19, 2021.
             Was a Believer of Sif Muna.
             Shot with an arrow by a centaur (11 damage)
             ... on level 5 of the Dungeon.
             The game lasted 00:20:16 (4907 turns).

jlumianski the Grasshopper (Gnoll Warper)           Turns: 4907, Time: 00:20:17

Health: -1/56      AC:  4    Str: 14    XL:     7   Next: 97%
Magic:  15/15      EV: 14    Int: 17    God:    Sif Muna [**....]
Gold:   101        SH:  4    Dex: 14    Spells: 9/17 levels left

rFire    . . .     SeeInvis .   E - +0 broad axe
rCold    . . .     Faith    .   r - +0 buckler
rNeg     + . .     Spirit   .   b - +0 leather armour
rPois    .         Reflect  .   (no helmet)
rElec    .         Harm     .   (no cloak)
rCorr    .         Rampage  .   (no gloves)
Will     .....                  z - +0 pair of boots
Stlth    ++........             B - amulet of regeneration
HPRegen  0.58/turn              g - ring of positive energy
MPRegen  0.14/turn              q - ring of flight

@: hasted, very quick
A: distributed training, fangs 1, strong nose
a: Renounce Religion, Evoke Flight, Channel Magic


You were on level 5 of the Dungeon.
You worshipped Sif Muna.
Sif Muna was pleased with you.
You visited 1 branch of the dungeon, and saw 7 of its levels.

You collected 231 gold pieces.
You spent 130 gold pieces at shops.

Inventory:

Hand Weapons
 a - a +0 hand axe
 c - a +0 dagger
 h - a +2 mace of protection
 o - a +0 war axe
 p - a +2 dagger of venom
 D - a +4 hunting sling
 E - a +0 broad axe (weapon)
Missiles
 e - 5 boomerangs of dispersal
 j - 188 stones
 m - 6 boomerangs
 v - 21 poisoned darts (quivered)
Armour
 b - a +0 leather armour (worn)
 r - a +0 buckler (worn)
 z - a +0 pair of boots (worn)
Jewellery
 g - a ring of positive energy (left hand)
 q - a ring of flight (right hand)
 B - an amulet of regeneration (around neck)
Wands
 A - a wand of flame (22)
Scrolls
 d - a scroll of blinking
 n - a scroll of magic mapping {unknown}
 s - 2 scrolls of immolation {unknown}
 t - 3 scrolls of remove curse {unknown}
 u - a scroll of silence {unknown}
 w - 2 scrolls of amnesia {unknown}
 x - a scroll of enchant weapon {unknown}
 y - a scroll of fear {unknown}
Potions
 f - a potion of attraction
 i - a potion of haste
 k - a potion of mutation {unknown}
 l - a potion of magic {unknown}
 C - a potion of cancellation {unknown}


   Skills:
 + Level 5.4 Fighting
 + Level 2.8 Short Blades
 + Level 2.8 Long Blades
 + Level 5.4 Axes
 + Level 2.8 Maces & Flails
 + Level 2.8 Polearms
 + Level 2.8 Staves
 + Level 2.8 Slings
 + Level 2.8 Bows
 + Level 2.8 Crossbows
 + Level 3.9 Throwing
 + Level 3.9 Armour
 + Level 5.4 Dodging
 + Level 2.8 Stealth
 + Level 2.8 Shields
 + Level 2.8 Unarmed Combat
 + Level 5.8 Spellcasting
 + Level 2.3 Conjurations
 + Level 2.3 Hexes
 + Level 2.3 Summonings
 + Level 2.3 Necromancy
 + Level 5.9 Translocations
 + Level 2.3 Transmutations
 + Level 2.3 Fire Magic
 + Level 2.3 Ice Magic
 + Level 2.3 Air Magic
 + Level 2.3 Earth Magic
 + Level 2.3 Poison Magic
 + Level 3.1 Invocations
 + Level 2.8 Evocations


You had 9 spell levels left.
You knew the following spells:

 Your Spells              Type           Power        Failure   Level
a - Blink                 Tloc           N/A          2%          2
b - Gell's Gravitas       Tloc           12%          4%          3
c - Teleport Other        Tloc           25%          4%          3

Your spell library contained the following spells:

 Spells                   Type           Power        Failure   Level
 Lesser Beckoning         Tloc           12%          4%          3
 Passage of Golubria      Tloc           N/A          16%         4


Dungeon Overview and Level Annotations

Branches:
Dungeon (7/15)             Temple (0/1) D:5

Altars:
Fedhas
Kikubaaqudgha
Sif Muna
Wu Jian

Shops:
D:4 !   D:5 ?(*

Annotations:
D:7 1 transporter


Innate Abilities, Weirdness & Mutations

Your experience applies equally to all skills.
You have very sharp teeth.
Your uncanny sense of smell can sniff out nearby items.


Message History

Something hits you. Something shocks you.
The phantom blinks!
Something hits you. Something shocks you.
You miss something.
The phantom blinks!
Something hits you. Something shocks you.
* * * LOW HITPOINT WARNING * * *
The phantom blinks!
Something hits you but does no damage.
The centaur shouts!
The centaur unwields a +0 quarterstaff.
The centaur wields a +0 shortbow.
The centaur shoots an arrow.
The arrow barely misses you.
The centaur shoots an arrow.
The arrow hits you!
* * * LOW HITPOINT WARNING * * *
You see here an arrow.
The centaur shoots an arrow.
You block the arrow.
The centaur shoots an arrow.
You see here an arrow.
The centaur shoots an arrow.
You block the arrow.
You see here an arrow.
It was a potion of haste.
You feel yourself speed up. Something hits you but does no damage.
You barely miss something.
The centaur shoots an arrow.
The arrow hits you!
You die...

#.# #.##.# #.##.# #.##.#
#.##.# #.##.# #.##.# ∆
#.##.## #.##@.# #.###{#
. #.###(# ... #...(.#
..W..##.#.∩.############
........................
..........#c.#.∩.#######
.∩................#
.........c.....#..#
#####


You could see a centaur.

Vanquished Creatures
  A phantom (D:6)
  A sky beast (D:5)
  2 ogres
  A centaur (D:7)
  2 wights (D:7)
  A bullfrog skeleton (D:6)
  Natasha (thrice) (D:3)
  An orc wizard (D:7)
  6 adders
  A shadow imp (D:5)
  A white imp (D:7)
  2 ufetubi
  2 oozes
  2 worms
  4 dart slugs
  2 leopard geckos
  6 orcs
  10 bats
  2 giant cockroaches (D:1)
  14 goblins
  10 hobgoblins
  3 jackals
  5 kobolds
  A quokka (D:5)
  3 ball pythons
  A ball python skeleton (D:4)
  4 frilled lizards
  8 rats
99 creatures vanquished.

Vanquished Creatures (others)
  3 plants (D:2)
3 creatures vanquished.

Grand Total: 102 creatures vanquished

Notes
Turn   | Place    | Note
-------+----------+-------------------------------------------
     0 | D:1      | jlumianski the Gnoll Warper began the quest for the Orb.
     0 | D:1      | Reached XP level 1. HP: 20/20 MP: 6/6
   191 | D:1      | Reached XP level 2. HP: 18/26 MP: 7/7
   640 | D:1      | Reached XP level 3. HP: 23/31 MP: 9/9
   643 | D:1      | Learned a level 2 spell: Blink
   647 | D:1      | Learned a level 3 spell: Gell's Gravitas
   651 | D:1      | Learned a level 3 spell: Teleport Other
   758 | D:1      | Reached skill level 5 in Spellcasting
   963 | D:2      | You fall into a shaft and drop 1 floor!
   999 | D:3      | Reached skill level 1 in Invocations
  1074 | D:2      | Reached skill level 1 in Short Blades
  1074 | D:2      | Reached skill level 1 in Long Blades
  1074 | D:2      | Reached skill level 1 in Maces & Flails
  1074 | D:2      | Reached skill level 1 in Polearms
  1074 | D:2      | Reached skill level 1 in Staves
  1074 | D:2      | Reached skill level 1 in Slings
  1074 | D:2      | Reached skill level 1 in Bows
  1074 | D:2      | Reached skill level 1 in Crossbows
  1074 | D:2      | Reached skill level 1 in Stealth
  1074 | D:2      | Reached skill level 1 in Shields
  1074 | D:2      | Reached skill level 1 in Unarmed Combat
  1074 | D:2      | Reached skill level 1 in Evocations
  1091 | D:2      | Found a shimmering blue altar of Sif Muna.
  1102 | D:2      | Became a worshipper of Sif Muna the Loreminder
  1527 | D:2      | Reached XP level 4. HP: 22/38 MP: 11/11
  1591 | D:2      | Found a blossoming altar of Fedhas.
  2374 | D:1      | Reached skill level 1 in Conjurations
  2374 | D:1      | Reached skill level 1 in Hexes
  2374 | D:1      | Reached skill level 1 in Summonings
  2374 | D:1      | Reached skill level 1 in Necromancy
  2374 | D:1      | Reached skill level 1 in Transmutations
  2374 | D:1      | Reached skill level 1 in Fire Magic
  2374 | D:1      | Reached skill level 1 in Ice Magic
  2374 | D:1      | Reached skill level 1 in Air Magic
  2374 | D:1      | Reached skill level 1 in Earth Magic
  2374 | D:1      | Reached skill level 1 in Poison Magic
  2504 | D:2      | You fall into a shaft and drop 1 floor!
  2597 | D:3      | Noticed Natasha
  2622 | D:3      | Killed Natasha
  2623 | D:3      | Reached XP level 5. HP: 30/43 MP: 8/12
  2724 | D:2      | Found an ornate altar of the Wu Jian Council.
  3067 | D:2      | Reached * piety under Sif Muna
  3440 | D:4      | Found Eniulyud's Distillery.
  3459 | D:4      | Bought a potion of heal wounds for 70 gold pieces
  3587 | D:3      | Noticed Natasha
  3598 | D:3      | Killed Natasha
  3644 | D:3      | Found a faded altar of an unknown god.
  3874 | D:3      | Noticed Natasha
  3887 | D:3      | Killed Natasha
  4199 | D:4      | Noticed an ogre
  4210 | D:4      | Killed an ogre
  4211 | D:4      | Reached skill level 5 in Fighting
  4211 | D:4      | Reached skill level 5 in Axes
  4211 | D:4      | Reached skill level 5 in Dodging
  4211 | D:4      | Reached XP level 6. HP: 51/51 MP: 14/14
  4279 | D:4      | You fall into a shaft and drop 3 floors!
  4300 | D:7      | Found a transporter.
  4387 | D:7      | Reached XP level 7. HP: 41/56 MP: 13/15
  4421 | D:7      | Found an ancient bone altar of Kikubaaqudgha.
  4582 | D:5      | Entered Level 5 of the Dungeon
  4658 | D:5      | Found a staircase to the Ecumenical Temple.
  4758 | D:5      | Found Xeishrat's General Store.
  4766 | D:5      | Found Cyh Egro's Weapon Shop.
  4841 | D:5      | Reached ** piety under Sif Muna
  4871 | D:5      | Bought a +0 broad axe for 60 gold pieces
  4874 | D:5      | Found Jankis's Magic Scroll Boutique.
  4907 | D:5      | Shot with an arrow by a centaur

Illustrated notes

Levels and vault maps discovered:
D:1:      arrival_zaba_pyramid, layout_loops_corners
D:2:      layout_rooms, nzn_wu_jian_council_hall, fedhas_ov_isle_minmay,
          marbit_many_paths
D:3:      layout_loops_ring, chequers_ecumenical_altar_island, uniq_natasha
D:4:      black_bear_nest_2, layout_basic, serial_shops,
          nicolae_shop_behind_doors
D:5:      layout_basic, grunt_temple_overflow_opulence,
          minmay_temple_entry_waves, serial_shops, nicolae_shop_stone, shop,
          nicolae_shop_behind_doors, nicolae_shop_stone, kennysheep_mini_moat,
          moated_statue, lemuel_tele_altar
D:6:      layout_loops_corners, zin_angel, gammafunk_temple_of_torment,
          gammafunk_temple_overflow_statue
D:7:      gammafunk_wand_slinger, layout_layer_cave, tgw_kikubaaqudgha

Skill      XL: |  1  2  3  4  5  6  7 |
---------------+----------------------+-----
Spellcasting   | 5 |  5.8
Invocations    | 1 2 3 |  3.1
Short Blades   | 1 2 |  2.8
Long Blades    | 1 2 |  2.8
Maces & Flails | 1 2 |  2.8
Polearms       | 1 2 |  2.8
Staves         | 1 2 |  2.8
Slings         | 1 2 |  2.8
Bows           | 1 2 |  2.8
Crossbows      | 1 2 |  2.8
Stealth        | 1 2 |  2.8
Shields        | 1 2 |  2.8
Unarmed Combat | 1 2 |  2.8
Evocations     | 1 2 |  2.8
Conjurations   | 1 2 |  2.3
Hexes          | 1 2 |  2.3
Summonings     | 1 2 |  2.3
Necromancy     | 1 2 |  2.3
Transmutations | 1 2 |  2.3
Fire Magic     | 1 2 |  2.3
Ice Magic      | 1 2 |  2.3
Air Magic      | 1 2 |  2.3
Earth Magic    | 1 2 |  2.3
Poison Magic   | 1 2 |  2.3
Throwing       | 3 |  3.9
Armour         | 3 |  3.9
Fighting       | 5 |  5.4
Axes           | 5 |  5.4
Dodging        | 5 |  5.4
Translocations | |  5.9

Action                   |  1- 3 |  4- 6 |  7- 9 || total
-------------------------+-------+-------+-------++-------
Melee: Hand axe          |   110 |       |       ||   110
       Bite              |    14 |    17 |     7 ||    38
       Dagger            |       |   119 |       ||   119
       War axe           |       |    10 |       ||    10
       Mace              |       |     7 |    93 ||   100
       Broad axe         |       |       |     7 ||     7
Throw: Stone             |    14 |     3 |       ||    17
       Dart              |       |     9 |     4 ||    13
       Boomerang         |       |       |    12 ||    12
 Cast: Blink             |     2 |     1 |     2 ||     5
       Gell's Gravitas   |       |     7 |     1 ||     8
  Use: Scroll            |       |     4 |       ||     4
       Potion            |       |     6 |     1 ||     7
 Stab: Sleeping          |     1 |     1 |       ||     2
       Distracted        |       |     1 |       ||     1
Armor: Leather armour    |    23 |    26 |    29 ||    78
Dodge: Dodged            |    89 |    98 |    73 ||   260
Block: Buckler           |       |     9 |    23 ||    32
